 Dungeon Crawl Stone Soup version 0.18.1-48-g4cf74bf (webtiles) character file.

132 MistressOfTheDunes the Insei (level 4, -4/35 HPs)
             Began as a Mummy Monk on July 20, 2016.
             Shot with a stone by a goblin (7 damage)
             ... led by Robin
             ... on level 3 of the Dungeon.
             The game lasted 00:03:27 (4090 turns).

MistressOfTheDunes the Insei (Mummy Monk)           Turns: 4090, Time: 00:03:28

Health: -4/35      AC:  1    Str: 14    XL:     4   Next: 92%
Magic:  4/4        EV:  8    Int:  9    God:
Gold:   135        SH:  0    Dex: 15    Spells: 0 memorised, 3 levels left

rFire  . . .     SeeInvis .       - Unarmed
rCold  . . .     Gourm    .     (no armour)
rNeg   + + +     Faith    .     (no shield)
rPois  ∞         Spirit   .     d - +0 helmet
rElec  .         Dismiss  .     (no cloak)
rCorr  .         Reflect  .     (no gloves)
SustAt .         Harm     .     (no boots)
MR     .....                    (no amulet)
Stlth  ++........               a - ring of fire
                                (no ring)

@: not resistant to hostile enchantments, unstealthy
A: no food or potions, fire vulnerability, cold resistance 1, negative energy
resistance 3, torment resistance, unbreathing
a: no special abilities


You were on level 3 of the Dungeon.
You were not hungry.

You visited 1 branch of the dungeon, and saw 3 of its levels.

You collected 135 gold pieces.


Innate Abilities, Weirdness & Mutations

You do not eat or drink.
Your flesh is vulnerable to fire.
You are immune to poison.
Your flesh is cold resistant.
You are immune to negative energy.
You are immune to unholy pain and torment.
You can survive without breathing.


   Skills:
 - Level 3.0 Fighting
 - Level 2.4 Dodging
 - Level 1.5 Stealth
 + Level 1.0 Shields
 - Level 5.0 Unarmed Combat


You had 3 spell levels left.
You didn't know any spells.

Inventory:

Armour
 c - a +0 buckler
 d - a +0 helmet (worn)
Jewellery
 a - a ring of fire (right hand)
Scrolls
 b - 2 scrolls of identify {unknown}
 e - a scroll of enchant weapon {unknown}
 f - a scroll of immolation {unknown}
 g - a scroll of magic mapping {unknown}

Dungeon Overview and Level Annotations

Branches:
Dungeon (3/15)

Altars:
Cheibriados
Dithmenos
Elyvilon
Nemelex Xobeh
Okawaru
Vehumet

Annotations:
D:3 Robin

▒▒▒▒.....
▒▒▒..£....▒▒
▒...........
▒.......(...
▒........... ▒
▒...........
.▒▒.▒..ggb(.....
.......gMg......
.......(g.......
.......g.......<
..gg.g..........
....g..▒▒▒▒▒▒▒▒.
....... ......>
.g....( ....£..


You could see Robin (wandering), 2 hobgoblins, 8 goblins and a bat.


Message History

You climb upwards!
There is a stone staircase leading down here!
You start resting!
A rat comes into view!
You climb downwards!
Level annotation: Robin A goblin comes into view!
It is wielding a club!
The goblin barely misses you!
The goblin shoots a stone!
The stone hits you! * * * don't die
* * * The goblin closely misses you!
The goblin completely misses you! The bat hits you but does no damage!
The hobgoblin hits you with a club! * * * don't die
* * * The goblin closely misses you!
The goblin shoots a stone!
The stone completely misses you!
The stone barely misses the hobgoblin!
There is a stone staircase leading up here!
You see here 5 stones!
Unknown command!
The bat hits you! * * * don't die
* * * The goblin shoots a stone!
The stone closely misses you!
The stone closely misses the bat!
The goblin hits you! * * * don't die
* * * The goblin hits you with a dagger! * * * don't die
* * * The hobgoblin hits you with a club! * * * don't die
* * * The hobgoblin barely misses you!
The goblin hits you! * * * don't die
* * * The goblin shoots a stone!
The stone hits you!!! rip

Action                   |  1- 3 |  4- 6 || total
-------------------------+-------+-------++-------
Melee: Unarmed           |   155 |    82 ||   237
       Punch             |     3 |     6 ||     9
 Stab: Sleeping          |     5 |     5 ||    10
Armor: Skin              |     3 |     4 ||     7
Dodge: Dodged            |   101 |    65 ||   166

Vault maps used:
D:1:      dpeg_arrival_houses_and_road
D:2:      minmay_door_path, gammafunk_temple_overflow_forgotten,
          grunt_temple_overflow_open, serial_glass, glass_columns_c,
          glass_columns_b, glass_columns_a, glass_columns_b, glass_columns_a,
          glass_columns_c, uniq_jessica
D:3:      nicolae_ru_the_path_less_chosen, first_bread, uniq_robin

Notes
Turn   | Place    | Note
--------------------------------------------------------------
     0 | D:1      | MistressOfTheDunes the Mummy Monk began the quest for the Orb.
     0 | D:1      | Reached XP level 1. HP: 18/18 MP: 1/1
   529 | D:1      | Reached XP level 2. HP: 19/24 MP: 2/2
  1354 | D:2      | Reached skill level 4 in Unarmed Combat
  1359 | D:2      | Noticed Jessica
  1368 | D:2      | Killed Jessica
  1368 | D:2      | Reached XP level 3. HP: 19/29 MP: 3/3
  2153 | D:2      | Found a shadowy altar of Dithmenos.
  2153 | D:2      | Found a white marble altar of Elyvilon.
  2155 | D:2      | Found an iron altar of Okawaru.
  2183 | D:2      | Found a radiant altar of Vehumet.
  2882 | D:2      | Found a sparkling altar of Nemelex Xobeh.
  2884 | D:2      | Found a snail-covered altar of Cheibriados.
  2898 | D:2      | Reached XP level 4. HP: 28/35 MP: 4/4
  3556 | D:2      | Reached skill level 5 in Unarmed Combat
  4082 | D:3      | Reached skill level 1 in Shields
  4084 | D:3      | Noticed Robin
  4090 | D:3      | HP: 3/35 [goblin[Robin] (1)]
  4090 | D:3      | Shot with a stone by a goblin

Vanquished Creatures
  Jessica (D:2)
  3 adders (D:2)
  A shadow imp (D:2)
  2 oozes (D:2)
  2 worms (D:2)
  A dart slug (D:2)
  A giant gecko (D:2)
  A ball python (D:2)
  6 bats
  3 giant cockroaches (D:2)
  9 goblins
  4 hobgoblins
  A jackal (D:2)
  A giant newt (D:1)
  7 kobolds
  14 rats
57 creatures vanquished.
